 Dungeon Crawl Stone Soup version 0.28-a0-941-g140ffa10cf (webtiles) character file.

Game seed: 2299293835812717306

9611 mcbry74 the Cleaver (level 11, -20/82 HPs)
             Began as a Hill Orc Fighter on Nov 29, 2021.
             Was an Elder of Beogh.
             Killed by refrigeration
             ... invoked by Fannar
              (34 damage)
             ... on level 1 of the Orcish Mines.
             The game lasted 00:39:34 (13536 turns).

mcbry74 the Cleaver (Hill Orc Fighter)             Turns: 13536, Time: 00:39:35

Health: -20/82     AC: 20    Str: 23    XL:     11   Next: 49%
Magic:  5/18       EV:  7    Int:  8    God:    Beogh [****..]
Gold:   494        SH:  4    Dex: 10    Spells: 10/10 levels left

rFire   . . .      SeeInvis .   i - +3 hand axe (elec)
rCold   . . .      Faith    .   c - +0 buckler
rNeg    + . .      Spirit   .   F - +1 plate armour
rPois   .          Reflect  .   e - +0 helmet
rElec   .          Harm     .   g - +0 cloak
rCorr   .          Rampage  .   x - +1 pair of gloves {infuse}
Will    .....                   (no boots)
Stlth   ..........              O - amulet of the acrobat
HPRegen 0.23/turn               B - ring of positive energy
MPRegen 0.16/turn               (no ring)

@: no status effects
A: no striking features
a: Renounce Religion, Smiting, Recall Orcish Followers


You were on level 1 of the Orcish Mines.
You worshipped Beogh.
Beogh was greatly pleased with you.
You visited 3 branches of the dungeon, and saw 14 of its levels.

You collected 494 gold pieces.

Inventory:

Hand Weapons
 i - a +3 hand axe of electrocution (weapon)
 z - a +3 great sword of holy wrath
 M - a +3 morningstar
Missiles
 m - 2 javelins (quivered)
 q - a throwing net
 G - 4 boomerangs
Armour
 c - a +0 buckler (worn)
 e - a +0 helmet (worn)
 g - a +0 cloak (worn)
 p - a +0 chain mail
 x - a +1 pair of gloves of infusion (worn)
 F - a +1 plate armour (worn)
Jewellery
 B - a ring of positive energy (left hand)
 D - a ring of magical power
 O - an amulet of the acrobat (around neck)
 S - a ring of protection from cold
Wands
 r - a wand of flame (25)
 y - a wand of mindburst (9)
 E - a wand of iceblast (29)
Scrolls
 a - 2 scrolls of identify
 b - a scroll of silence
 h - 8 scrolls of teleportation
 j - a scroll of vulnerability
 o - a scroll of enchant weapon
 s - a scroll of fear
 t - a scroll of acquirement
 v - a scroll of magic mapping {unknown}
 C - 2 scrolls of fog
Potions
 d - 2 potions of might
 f - 4 potions of curing
 k - 2 potions of haste {unknown}
 l - a potion of berserk rage {unknown}
 n - a potion of experience {unknown}
 u - 2 potions of lignification {unknown}
 w - a potion of invisibility {unknown}
 A - 2 potions of brilliance
 H - 4 potions of mutation
 N - a potion of ambrosia {unknown}
 Q - a potion of flight {unknown}
Miscellaneous
 I - a piece from Xom's chessboard (15/15)


   Skills:
 - Level 3.6 Fighting
 * Level 14.8(16.0) Axes
 + Level 8.7(11.8) Maces & Flails
 + Level 9.5 Armour
 - Level 3.2 Shields
 + Level 9.7 Invocations


You had 10 spell levels left.
You didn't know any spells.
Your spell library contained the following spells:

 Spells                   Type           Power      Damage    Failure   Level
 Apportation              Tloc           0%         N/A       99%         1
 Magic Dart               Conj           0%         1d3       99%         1
 Pain                     Necr           0%         1d4       99%         1
 Searing Ray              Conj           0%         2d4       100%        2
 Dazzling Flash           Conj/Hex       0%         N/A       100%        3
 Ignite Poison            Fire/Tmut/Pois 0%         N/A       100%        3
 Mephitic Cloud           Conj/Pois/Air  0%         N/A       100%        3
 Ozocubu's Armour         Ice            0%         N/A       100%        3
 Fulminant Prism          Conj/Hex       0%         3d6       100%        4
 Petrify                  Tmut/Erth      0%         N/A       100%        4
 Summon Ice Beast         Ice/Summ       0%         N/A       100%        4
 Agony                    Necr           0%         N/A       100%        5
 Alistair's Intoxication  Tmut/Pois      0%         N/A       100%        5
 Excruciating Wounds      Necr           0%         N/A       100%        5
 Freezing Cloud           Conj/Ice/Air   0%         6-21      100%        5
 Metabolic Englaciation   Hex/Ice        0%         N/A       100%        5
 Silence                  Hex/Air        0%         N/A       100%        5
 Summon Mana Viper        Hex/Summ       0%         N/A       100%        5
 Statue Form              Tmut/Erth      0%         N/A       100%        6
 Monstrous Menagerie      Summ           0%         N/A       100%        7
 Ozocubu's Refrigeration  Ice            0%         4d5       100%        7


Dungeon Overview and Level Annotations

Branches:
Dungeon (12/15)            Temple (0/1) D:6            Lair (1/6) D:8
    Orc (1/2) D:10

Altars:
Dithmenos
Elyvilon
Gozag
Hepliaklqana
Kikubaaqudgha
Qazlal
Ru
Sif Muna
Uskayaw
Wu Jian
Xom

Shops:
D:2 *   D:8 **

Annotations:
Orc:1 Fannar


Message History

Your orc wizard hits the orc warrior with a +0 club.
You block the ice beast's attack.
Your orc wizard misses Fannar.
Fannar points at you and mumbles some strange words.
The bolt of cold misses you. The orc warrior completely misses you.
The orc warrior hits your orc wizard with a +0 hand axe.
The orc priest calls down the wrath of Beogh upon you.
Beogh smites you!
A puff of flame appears from out of your range of vision.
The puff of flame hits Fannar!
Okay, then.
Found an escape hatch in the floor.
The ice beast completely misses you.
Your orc wizard closely misses Fannar.
The orc warrior completely misses you.
The orc warrior hits your orc wizard with a +0 hand axe.
The orc warrior barely misses your orc priest.
You hit Fannar but do no damage.
Fannar is moderately wounded.
You hit the orc warrior but do no damage.
You hit the ice beast.
Your orc wizard barely misses the orc warrior.
The orc wizard gestures at you while chanting.
The puff of flame hits you but does no damage.
The ice beast hits you but does no damage.
Fannar casts a spell.
Fannar drains the heat from the surrounding environment!
* * * LOW HITPOINT WARNING * * *
The monsters around Fannar are frozen!
Your orc dies! x2; The orc warrior dies!
The orc wizard dies!
The orc priest dies!
Your orc wizard dies!
Your orc priest dies! x2
Your orc wizard dies!
You barely miss Fannar.
Fannar is moderately wounded.
You closely miss the ice beast.
Your orc wizard casts a spell at Fannar.
Fannar resists with almost no effort.
You closely miss Fannar.
Fannar is moderately wounded.
You hit the ice beast. The ice beast barely misses you.
Fannar mumbles some strange words.
Fannar drains the heat from the surrounding environment!
You die...

..............####
...............#....#
......>..............
..................8.>
.......)....)........
..#...)..).o#.......
#.##......)o#o...#...
........)##))Y.......
.......†.....@e)...#
......#)....#........
##....)...<....).$#..
#..........##.......
##........## #..)...
##.$....## ..##.#
....##.## ..# # ....#
### ... #.##


You could see Fannar (empowered, ally target), an ice beast (summoned), the
friendly Bogwald the orc knight, a friendly orc warrior (strong) and a friendly
orc wizard (strong).

Vanquished Creatures
  A two-headed ogre (D:9)
  3 cyclopes
  An elephant (D:8)
  2 unseen horrors
  A troll (D:6)
  Eustachio (D:6)
  4 yaks
  2 wyverns (D:9)
  A basilisk (D:8)
  A steam dragon (D:6)
  Menkaure (D:5)
  A water moccasin (D:7)
  Duvessa (D:6)
  An ice beast (D:5)
  3 orc warriors
  A sky beast (D:7)
  A hornet zombie (D:4)
  2 black bears
  A necrophage (D:4)
  2 ogres
  3 centaurs
  A phantom (D:6)
  A kobold brigand (D:6)
  A bullfrog (D:8)
  2 scorpions (D:6)
  2 gnoll sergeants
  Dowan (D:6)
  7 wights
  A howler monkey (D:8)
  A bullfrog zombie (D:6)
  3 centaur zombies
  2 gnoll shamans
  3 orc priests
  2 bullfrog skeletons
  4 hounds
  A centaur skeleton (D:7)
  4 iguanas
  Ijyb (D:4)
  3 orc wizards
  Natasha (twice) (D:4)
  23 gnolls
  8 adders
  A shadow imp (D:6)
  3 worms
  A dart slug (D:1)
  17 orcs
  9 ball pythons
  4 bats
  4 endoplasms
  5 giant cockroaches
  11 goblins
  13 hobgoblins
  A jackal (D:2)
  5 quokkas
  7 frilled lizards
  16 kobolds
  4 rats
208 creatures vanquished.

Vanquished Creatures (collateral kills)
  Jorgrun (Orc:1)
  An orc knight (D:10)
  A manticore (D:10)
  A troll (D:10)
  A shadow (D:9)
  A steam dragon (D:8)
  A basilisk (D:8)
  A warg (Orc:1)
  An orc warrior (D:10)
  A black bear (D:8)
  A wight (D:8)
  A gnoll shaman (D:8)
  An orc wizard (D:10)
  2 gnolls (D:8)
  An orc (D:12)
16 creatures vanquished.

Vanquished Creatures (others)
  2 orc warriors (Orc:1)
  A human (D:6)
  4 orc wizards (Orc:1)
  4 orc priests
  A scorpion (D:4)
  17 orcs
  2 fungi (D:8)
  A plant (D:8)
32 creatures vanquished.

Grand Total: 256 creatures vanquished

Notes
Turn   | Place    | Note
-------+----------+-------------------------------------------
     0 | D:1      | mcbry74 the Hill Orc Fighter began the quest for the Orb.
     0 | D:1      | Reached XP level 1. HP: 19/19 MP: 1/1
   139 | D:1      | Reached skill level 3 in Axes
   260 | D:1      | Reached XP level 2. HP: 26/26 MP: 2/2
   415 | D:1      | Reached skill level 1 in Maces & Flails
   536 | D:2      | Reached XP level 3. HP: 31/31 MP: 3/3
   590 | D:2      | Reached skill level 4 in Axes
   590 | D:2      | Reached XP level 4. HP: 38/39 MP: 4/4
   787 | D:2      | Found Loivef's General Store.
  1226 | D:3      | Reached skill level 5 in Axes
  1336 | D:4      | Noticed an ogre
  1337 | D:4      | Became a worshipper of Beogh the Brigand
  1735 | D:1      | Reached XP level 5. HP: 45/45 MP: 5/5
  1957 | D:2      | Found a faded altar of an unknown god.
  2639 | D:3      | Reached * piety under Beogh
  2673 | D:3      | Found a shimmering altar of Xom.
  3122 | D:4      | Killed an ogre
  3123 | D:4      | Reached skill level 6 in Axes
  3123 | D:4      | Reached XP level 6. HP: 51/51 MP: 6/6
  3155 | D:4      | Noticed a necrophage
  3168 | D:4      | Killed a necrophage
  3169 | D:4      | Reached skill level 1 in Invocations
  3351 | D:4      | Noticed Ijyb
  3365 | D:4      | Killed Ijyb
  3495 | D:4      | Reached skill level 5 in Armour
  3495 | D:4      | Reached XP level 7. HP: 32/57 MP: 0/8
  3650 | D:4      | Reached skill level 7 in Axes
  3916 | D:4      | Noticed Natasha
  3918 | D:4      | Killed Natasha
  3918 | D:4      | Reached ** piety under Beogh
  4301 | D:4      | Noticed Natasha
  4307 | D:4      | Killed Natasha
  4354 | D:5      | Entered Level 5 of the Dungeon
  4796 | D:5      | Reached skill level 8 in Axes
  4837 | D:5      | Reached XP level 8. HP: 48/64 MP: 3/10
  5467 | D:5      | Noticed Menkaure
  5471 | D:5      | Killed Menkaure
  5608 | D:5      | Found a shimmering blue altar of Sif Muna.
  5838 | D:6      | Found an opulent altar of Gozag.
  5893 | D:6      | Reached skill level 9 in Axes
  5998 | D:6      | Noticed Eustachio
  6008 | D:6      | Killed Eustachio
  6009 | D:6      | Reached skill level 5 in Maces & Flails
  6205 | D:6      | Reached skill level 5 in Invocations
  6486 | D:6      | Reached XP level 9. HP: 69/70 MP: 0/12
  6575 | D:6      | Found an ancient bone altar of Kikubaaqudgha.
  6627 | D:6      | Reached skill level 10 in Axes
  6920 | D:6      | Found a sacrificial altar of Ru.
  7145 | D:6      | Found a staircase to the Ecumenical Temple.
  7445 | D:6      | Reached *** piety under Beogh
  7569 | D:6      | Noticed Duvessa
  7569 | D:6      | Noticed Dowan
  7578 | D:6      | Killed Duvessa
  7598 | D:6      | Killed Dowan
  7816 | D:6      | Noticed a troll
  7821 | D:6      | Killed a troll
  7822 | D:6      | Reached skill level 11 in Axes
  8004 | D:6      | You fall into a shaft and drop 1 floor!
  8023 | D:7      | Found an ornate altar of the Wu Jian Council.
  8454 | D:7      | Identified the +1 ring mail of Gestures {Int+3}
  8821 | D:7      | Found a stormy altar of Qazlal.
  8842 | D:7      | Found a white marble altar of Elyvilon.
  9017 | D:7      | Found a hazy altar of Hepliaklqana.
  9669 | D:8      | Reached XP level 10. HP: 73/77 MP: 0/15
  9673 | D:8      | Reached skill level 12 in Axes
  9676 | D:8      | Reached **** piety under Beogh
  9680 | D:8      | Noticed an elephant
  9693 | D:8      | Killed an elephant
 10299 | D:8      | Found Cufuodaloq's General Store.
 10301 | D:8      | Found Guqug's Specific Store.
 10500 | D:8      | Found a staircase to the Lair.
 10536 | Lair:1   | Entered Level 1 of the Lair of Beasts
 10591 | Lair:1   | Identified a scroll of acquirement
 10672 | D:9      | Noticed a two-headed ogre
 10678 | D:9      | Killed a two-headed ogre
 10850 | D:9      | Reached skill level 13 in Axes
 11015 | D:9      | Found a shadowy altar of Dithmenos.
 11545 | D:10     | Entered Level 10 of the Dungeon
 11548 | D:10     | You fall into a shaft and drop 2 floors!
 11553 | D:12     | Noticed a cyclops
 11566 | D:12     | Killed a cyclops
 12043 | D:12     | Killed an unseen horror
 12044 | D:12     | Reached XP level 11. HP: 42/82 MP: 8/17
 12430 | D:10     | Reached skill level 14 in Axes
 12673 | D:10     | Found a hide-covered altar of Uskayaw.
 12768 | D:10     | Noticed a cyclops
 12770 | D:10     | Noticed a manticore
 12776 | D:10     | Killed a cyclops
 12777 | D:10     | Killed a manticore
 12777 | D:10     | Gained Bogwald as an ally
 12960 | D:10     | Noticed a cyclops
 12970 | D:10     | Killed a cyclops
 12971 | D:10     | Noticed an orc knight
 12975 | D:10     | Killed an orc knight
 13309 | D:10     | Found a staircase to the Orcish Mines.
 13450 | Orc:1    | Entered Level 1 of the Orcish Mines
 13494 | Orc:1    | Noticed Jorgrun
 13503 | Orc:1    | Killed Jorgrun
 13527 | Orc:1    | Noticed Fannar
 13536 | Orc:1    | Killed from afar by Fannar

Illustrated notes

Levels and vault maps discovered:
D:1:      wheals_arrival_shading, layout_basic, hangedman_abyss_or_decor_stabs
D:2:      layout_loops_ring, serial_shops, nicolae_shop_hallway_plus,
          shapermc_ecumenical_altar_mp_highgroup
D:3:      layout_loops_corners, tgw_xom, minmay_cupped
D:4:      layout_gridville, uniq_ijyb, uniq_natasha
D:5:      layout_loops_ring, led_sif_pool, uniq_menkaure
D:6:      layout_loops_corners, tgw_kikubaaqudgha, nicolae_ru_path_of_blood,
          nicolae_gozag_cash_rules_everything_around_me,
          minmay_temple_entry_enclosed_plants, portal_sewer_entry_f,
          kennysheep_dice, uniq_eustachio, uniq_duvessa
D:7:      layout_loops_corners, nzn_hepliaklqana_mist_gate,
          nzn_wu_jian_contemplation, mainiacjoe_overflow_catwalk_spiral
D:8:      layout_rooms, david_lair_generic, chequers_serial_rivers_micro_e,
          nicolae_specific_store, amcnicky_mini_corridor_feature
D:9:      layout_roguey, grunt_dithmenos_shadows
D:10:     minmay_stone_box, layout_rooms, mainiacjoe_overflow_catch_the_wave,
          orc_0_dummy, gammafunk_ghost_cemetery, nicolae_twisting_strands,
          minmay_diamond_spiral
D:11:     layout_basic, lemuel_zombie_altar_yredelemnul
D:12:     layout_loops_ring
Lair:1:   layout_layer_cave, nicolae_lair_run_with_the_wolves
Orc:1:    layout_caves, serial_shops, shop_statue, uniq_jorgrun, uniq_fannar

Skill      XL: |  1  2  3  4  5  6  7  8  9 10 11 |
---------------+----------------------------------+-----
Axes           | 3 4 5 6 8 9 11 13 14 | 14.8
Maces & Flails | 1 2 3 4 5 6 8 |  8.7
Armour         | 4 5 6 7 8 9 |  9.5
Invocations    | 1 3 5 7 8 9 |  9.7
Fighting       | |  3.6
Shields        | |  3.2

Action                   |  1- 3 |  4- 6 |  7- 9 | 10-12 || total
-------------------------+-------+-------+-------+-------++-------
Melee: War axe           |    55 |    29 |       |       ||    84
       Whip              |       |   116 |       |       ||   116
       Hand axe          |       |    45 |   298 |   128 ||   471
Throw: Javelin           |       |       |     2 |     1 ||     3
Invok: Convert to Beogh  |       |     1 |       |       ||     1
       Smiting           |       |       |     1 |     4 ||     5
  Use: Scroll            |       |     2 |       |     9 ||    11
 Stab: Distracted        |       |       |       |     1 ||     1
Armor: Scale mail        |    19 |    55 |       |       ||    74
       Chain mail        |       |    25 |    15 |       ||    40
       Plate armour      |       |       |   103 |    67 ||   170
Dodge: Dodged            |    23 |    62 |    67 |    64 ||   216
Block: Buckler           |    11 |    25 |    44 |    20 ||   100

Table legend: (Time is in decaauts)
 A = Elapsed time spent in this place.
 B = Non-inter-level travel time spent in this place.
 C = Inter-level travel time spent in this place.
 D = Time resting spent in this place.
 E = Time spent auto-exploring this place.
 F = Levels seen in this place.
 G = Mean time per level.
                   A        B        C        D        E       F      G
               +--------+--------+--------+--------+--------+-----+--------+
         Total |  13457 |  13092 |    365 |   3718 |   7273 |  14 |  961.2 |
       Dungeon |  13291 |  12926 |    365 |   3609 |   7273 |  12 | 1107.6 |
          Lair |     83 |     83 |      0 |     59 |      0 |   1 |   83.0 |
  Orcish Mines |     82 |     82 |      0 |     50 |      0 |   1 |   82.0 |
               +--------+--------+--------+--------+--------+-----+--------+

Top non-repeatable levels by time:
     D:6: 2501 daAuts
     D:5: 1413 daAuts
     D:3: 1366 daAuts
     D:7: 1301 daAuts
     D:4: 1235 daAuts
    D:10: 1057 daAuts
     D:8: 925 daAuts
     D:2: 913 daAuts
     D:9: 885 daAuts
     D:1: 857 daAuts
    D:12: 681 daAuts
    D:11: 152 daAuts
  Lair:1: 83 daAuts
   Orc:1: 82 daAuts
